 Dungeon Crawl Stone Soup version 0.22.1-6-g1668fe2c40 (webtiles) character file.

30256 Forgol the Basher (level 13, 0/92 HPs)
             Began as a Demonspawn Berserker on Jan 22, 2019.
             Was a High Priest of Trog.
             Slain by a tyrant leech (28 damage)
             ... on level 5 of the Lair of Beasts.
             The game lasted 00:45:20 (17588 turns).

Forgol the Basher (Demonspawn Berserker)           Turns: 17588, Time: 00:45:23

Health: 0/92       AC: 17    Str: 26    XL:     13   Next: 19%
Magic:  13/13      EV: 13    Int: 12    God:    Trog [*****.]
Gold:   1047       SH:  0    Dex: 16    Spells: 12/12 levels left

rFire    . . .     SeeInvis .   E - +2 dire flail (protect)
rCold    . . .     Gourm    .   (shield currently unavailable)
rNeg     . . .     Faith    .   B - +1 plate armour {MR+}
rPois    .         Spirit   .   h - +1 hat {Int+3}
rElec    .         Reflect  .   m - +0 cloak
rCorr    .         Harm     .   (no gloves)
MR       +....                  (no boots)
Stlth    ..........             (no amulet)
HPRegen  0.25/turn              o - +2 ring of dexterity
MPRegen  0.13/turn              a - +5 ring of strength

@: very slow
A: beak, hooves 2, frail 1, powered by death 1, spiny 3, sturdy frame 1
a: Berserk, Trog's Hand, Brothers in Arms, Renounce Religion


You were on level 5 of the Lair of Beasts.
You worshipped Trog.
Trog was extremely pleased with you.
You were not hungry.

You visited 2 branches of the dungeon, and saw 16 of its levels.

You collected 1047 gold pieces.

Inventory:

Hand Weapons
 w - a +2 hand axe of electrocution
 E - a +2 dire flail of protection (weapon)
 J - a +3 antimagic war axe
Missiles
 n - 5 poisoned tomahawks
 D - 9 tomahawks (quivered)
Armour
 g - a +0 helmet
 h - a +1 hat of intelligence (worn)
 m - a +0 cloak (worn)
 B - a +1 plate armour of magic resistance (worn)
 H - a +0 large shield
Jewellery
 a - a +5 ring of strength (right hand)
 o - a +2 ring of dexterity (left hand)
 r - an uncursed ring of resist corrosion
 C - an uncursed ring of magical power
 M - a cursed ring of teleportation {unknown}
 O - a +6 ring of strength
Wands
 e - a wand of digging (5)
 p - a wand of random effects (63)
 s - a wand of clouds (4)
 L - a wand of iceblast (8)
 N - a wand of paralysis (8)
Scrolls
 i - 7 scrolls of teleportation
 j - 5 scrolls of remove curse
 l - 2 scrolls of magic mapping
 A - a scroll of amnesia
 K - 9 scrolls of identify
Potions
 b - 2 potions of magic
 d - 7 potions of curing
 f - 2 potions of might {unknown}
 k - 2 potions of berserk rage
 t - 2 potions of resistance {unknown}
 u - 3 potions of brilliance
 v - 5 potions of agility
 x - 6 potions of flight
 z - 2 potions of heal wounds {unknown}
 F - 3 potions of lignification {unknown}
 R - 2 potions of haste {unknown}
Comestibles
 c - 17 rations
 q - 4 chunks of flesh


   Skills:
 + Level 10.2 Fighting
 - Level 9.8(11.7) Axes
 * Level 10.6(12.1) Maces & Flails
 + Level 9.2 Armour
 - Level 8.5 Dodging
 + Level 3.0 Shields


You had 12 spell levels left.
You didn't know any spells.
Your spell library was empty.

Dungeon Overview and Level Annotations

Branches:
Dungeon (11/15)            Temple (0/1) D:6            Lair (5/6) D:10
 Shoals (0/4) Lair:2        Snake (0/4) Lair:4          Orc (0/2) D:11
  Slime: Lair:5-6

Altars:
Cheibriados
Dithmenos
Gozag
Kikubaaqudgha
Nemelex Xobeh
Okawaru
Qazlal
Ru
Sif Muna
Uskayaw
Vehumet
Wu Jian
Xom
Zin

Shops:
D:11 (

Annotations:
D:9 3 runed doors, BushDid911's ghost, novice VSFi
Lair:2 1 runed door, Gaplan's ghost, journeyman MiGl


Innate Abilities, Weirdness & Mutations

You have hoof-like feet.
You regenerate a little health from kills.
You are completely covered in sharp spines.
Your movements are slightly less encumbered by armour. (ER -2)
You have a beak for a mouth.
You are frail. (-10% HP)


Message History

The spiny frog barely misses you. The spiny frog stings you!
The spiny frog stings you.
The tyrant leech is struck by your spines.
The tyrant leech completely misses you.
The spiny frog is struck by your spines.
The spiny frog stings you but does no damage.
Found 25 gold pieces.
You are too injured to fight recklessly!
You are too injured to fight recklessly!
You are too injured to fight recklessly!
You are too injured to fight recklessly!
You are too injured to fight recklessly!
Unknown command.
The moth of wrath goads the tyrant leech on!
The tyrant leech goes berserk!
The spiny frog stings you but does no damage.
The spiny frog barely misses you.
The tyrant leech is struck by your spines.
The tyrant leech bites you!!
You die...

$...## #.....##.#...
......#.
#....######.#
........#.......#
###
≈≈.≈...#####...### #
≈≈≈≈≈.≈###.(....# #
≈≈≈≈≈≈≈#...P#...# #
##### #≈≈≈#....# .P#
..
#≈≈≈≈≈#FF≈≈#.......#
#..
!.≈≈≈≈y@w≈.+.......
#..
#≈≈≈≈≈#≈≈≈.#........
#.. #####
#≈≈≈.#...>...# ..
≈≈≈.#........+
≈≈..##........
..≈..# #... .....#
... ....##


You could see a tyrant leech (berserk), a moth of wrath and 2 spiny frogs.

Vanquished Creatures
  Rupert (Lair:4)
  Harold (D:7)
  2 hydras (Lair:3)
  Erica (D:8)
  A catoblepas (Lair:4)
  2 two-headed ogres
  2 ugly things (D:11)
  2 cyclopes
  6 elephants (Lair:3)
  A merfolk siren (Lair:2)
  2 black mambas
  6 spiny frogs
  A gargoyle (D:10)
  Psyche (D:8)
  A centaur skeleton (D:11)
  A rime drake (Lair:2)
  4 komodo dragons
  5 tyrant leeches (Lair:5)
  3 meliai (D:10)
  A troll (D:11)
  4 blink frogs (Lair:4)
  5 hippogriffs
  Sigmund (D:3)
  3 wyverns (D:10)
  A basilisk (D:10)
  14 yaks
  Grum (D:9)
  A steam dragon (D:10)
  A hungry ghost (D:10)
  Menkaure (D:4)
  2 swamp worms (Lair:5)
  5 nagas (Lair:4)
  Duvessa (D:7)
  9 water moccasins
  3 ice beasts
  4 porcupines
  6 orc warriors
  A black bear (D:10)
  A sky beast (D:5)
  2 wolves (D:9)
  2 ogres
  4 centaurs
  2 big kobolds (D:11)
  4 crocodiles
  Blork the orc (D:4)
  12 bullfrogs
  Dowan (D:7)
  A wyvern skeleton (D:11)
  4 scorpions
  5 killer bees
  3 howler monkeys
  A crimson imp (D:11)
  2 quasits
  2 bullfrog zombies
  5 orc priests
  6 hounds
  2 iguanas
  6 jellies
  13 orc wizards
  2 bullfrog skeletons
  Ijyb (D:3)
  9 worker ants
  A hound skeleton (D:10)
  A worker ant zombie (D:8)
  Robin (D:4)
  7 gnolls
  13 adders
  A shadow imp (D:9)
  6 oozes
  3 adder skeletons
  4 worms
  4 dart slugs
  7 leopard geckos
  52 orcs
  6 bats
  13 giant cockroaches
  10 goblins
  10 hobgoblins
  8 jackals
  17 kobolds
  6 quokkas
  4 frilled lizards
  6 rats
378 creatures vanquished.

Vanquished Creatures (collateral kills)
  A hydra (Lair:4)
  4 yaks (Lair:4)
5 creatures vanquished.

Vanquished Creatures (others)
  5 fungi
  14 plants
19 creatures vanquished.

Grand Total: 402 creatures vanquished

Notes
Turn   | Place    | Note
-------+----------+-------------------------------------------
     0 | D:1      | Forgol the Demonspawn Berserker began the quest for the
                  | Orb.
     0 | D:1      | Reached XP level 1. HP: 18/18 MP: 1/1
   116 | D:1      | Gained mutation: You are partially covered in sharp spines.
                  | [demonic ancestry]
   116 | D:1      | Reached XP level 2. HP: 24/24 MP: 2/2
   605 | D:2      | Noticed an ice beast
   623 | D:2      | Killed an ice beast
   623 | D:2      | Reached skill level 5 in Axes
   623 | D:2      | Reached XP level 3. HP: 11/29 MP: 3/3
   623 | D:2      | Gained mutation: You have large cloven feet. [demonic
                  | ancestry]
   623 | D:2      | Reached XP level 4. HP: 14/35 MP: 4/4
  1001 | D:2      | Gained mutation: You have hoof-like feet. [demonic
                  | ancestry]
  1001 | D:2      | Reached XP level 5. HP: 41/41 MP: 5/5
  1067 | D:2      | Found an iron altar of Okawaru.
  1517 | D:2      | Reached ** piety under Trog
  2061 | D:3      | Noticed Ijyb
  2074 | D:3      | Killed Ijyb
  2168 | D:3      | Noticed Sigmund
  2176 | D:3      | Killed Sigmund
  2176 | D:3      | Reached XP level 6. HP: 47/47 MP: 6/6
  2409 | D:3      | Found an ancient bone altar of Kikubaaqudgha.
  2612 | D:4      | Reached XP level 7. HP: 46/52 MP: 7/7
  2770 | D:4      | Noticed Robin
  2777 | D:4      | Reached *** piety under Trog
  2783 | D:4      | Killed Robin
  2863 | D:4      | Noticed Blork the orc
  2865 | D:4      | Noticed Menkaure
  2876 | D:4      | Killed Blork the orc
  3600 | D:4      | Killed Menkaure
  3855 | D:5      | Entered Level 5 of the Dungeon
  3899 | D:5      | Gained mutation: You are mostly covered in sharp spines.
                  | [demonic ancestry]
  3899 | D:5      | Reached XP level 8. HP: 60/60 MP: 8/8
  4155 | D:5      | Found a sacrificial altar of Ru.
  4221 | D:5      | Reached **** piety under Trog
  4514 | D:5      | Found a stormy altar of Qazlal.
  5548 | D:6      | Found a staircase to the Ecumenical Temple.
  5768 | D:6      | Reached skill level 5 in Fighting
  6001 | D:6      | Gained mutation: Your movements are slightly less
                  | encumbered by armour. (ER -2) [demonic ancestry]
  6001 | D:6      | Reached XP level 9. HP: 68/68 MP: 9/9
  6623 | D:7      | Noticed Duvessa
  6623 | D:7      | Noticed Dowan
  6650 | D:7      | Killed Duvessa
  6657 | D:7      | Killed Dowan
  6823 | D:7      | Noticed Harold
  6840 | D:7      | Killed Harold
  7058 | D:7      | Reached skill level 5 in Armour
  7058 | D:7      | Reached skill level 5 in Dodging
  7508 | D:8      | Reached skill level 1 in Maces & Flails
  7868 | D:8      | Found a shimmering altar of Xom.
  7883 | D:8      | Found a shimmering altar of Xom.
  7883 | D:8      | Found a shimmering altar of Xom.
  7884 | D:8      | Found a shimmering altar of Xom.
  7884 | D:8      | Found a shimmering altar of Xom.
  7884 | D:8      | Found a shimmering altar of Xom.
  7884 | D:8      | Found a shimmering altar of Xom.
  7884 | D:8      | Found a shimmering altar of Xom.
  7925 | D:8      | Found a deep blue altar of Sif Muna.
  7981 | D:8      | Gained mutation: You are completely covered in sharp
                  | spines. [demonic ancestry]
  7981 | D:8      | Reached XP level 10. HP: 77/77 MP: 10/10
  8034 | D:8      | Reached ***** piety under Trog
  8220 | D:8      | Noticed Erica
  8226 | D:8      | Noticed Psyche
  8231 | D:8      | Killed Erica
  8234 | D:8      | Killed Psyche
  8372 | D:8      | Found an ornate altar of the Wu Jian Council.
  8440 | D:8      | Found an opulent altar of Gozag.
  8440 | D:8      | Found a glowing silver altar of Zin.
  8513 | D:9      | Noticed Grum
  8890 | D:9      | Killed Grum
  8969 | D:9      | Reached skill level 5 in Maces & Flails
  9272 | D:9      | Found a snail-covered altar of Cheibriados.
  9298 | D:9      | Found a hide-covered altar of Uskayaw.
  9331 | D:9      | Found a radiant altar of Vehumet.
  9345 | D:9      | Found a sparkling altar of Nemelex Xobeh.
  9518 | D:9      | Found a runed gate.
  9518 | D:9      | Found a runed gate.
  9519 | D:9      | Found a runed gate.
  9520 | D:9      | Noticed a nine-headed hydra
  9523 | D:9      | Noticed BushDid911's ghost (novice VSFi)
  9523 | D:9      | Noticed a nine-headed hydra
  9558 | D:9      | Received a gift from Trog
  9759 | D:10     | Entered Level 10 of the Dungeon
  9779 | D:10     | Noticed a two-headed ogre
  9787 | D:10     | Killed a two-headed ogre
 10114 | D:10     | Noticed a cyclops
 10120 | D:10     | Killed a cyclops
 10120 | D:10     | Reached XP level 11. HP: 84/84 MP: 11/11
 10210 | D:10     | Found a shadowy altar of Dithmenos.
 10570 | D:10     | Found a staircase to the Lair.
 11209 | D:11     | Noticed a two-headed ogre
 11291 | D:11     | Killed a two-headed ogre
 11788 | D:11     | Found a staircase to the Orcish Mines.
 11824 | D:11     | Found Zunaal's Weapon Boutique.
 11904 | D:11     | Noticed a purple ugly thing
 11918 | D:11     | Killed a purple ugly thing
 12004 | D:11     | Noticed a green ugly thing
 12015 | D:11     | Killed a green ugly thing
 12210 | Lair:1   | Entered Level 1 of the Lair of Beasts
 13378 | Lair:2   | Found a runed door.
 13379 | Lair:2   | Found a shimmering altar of Xom.
 13379 | Lair:2   | Noticed Gaplan's ghost (journeyman MiGl)
 13379 | Lair:2   | Noticed an eveningstar of chaos
 13579 | Lair:2   | Gained mutation: You regenerate a little health from kills.
                  | [demonic ancestry]
 13579 | Lair:2   | Reached XP level 12. HP: 72/94 MP: 12/12
 13818 | Lair:2   | Found a staircase to the Shoals.
 14310 | Lair:3   | Noticed a four-headed hydra
 14317 | Lair:3   | Killed a four-headed hydra
 14325 | Lair:3   | Noticed a six-headed hydra
 14338 | Lair:3   | Killed a six-headed hydra
 14425 | Lair:3   | Found an opulent altar of Gozag.
 15184 | Lair:4   | Noticed a five-headed hydra
 15195 | Lair:4   | Killed a five-headed hydra
 15480 | Lair:4   | Noticed Rupert
 15893 | Lair:4   | Reached skill level 1 in Shields
 15938 | Lair:4   | Killed Rupert
 15938 | Lair:4   | Reached skill level 10 in Fighting
 15938 | Lair:4   | Reached skill level 10 in Maces & Flails
 16087 | Lair:4   | Received a gift from Trog
 16178 | Lair:4   | Reached XP level 13. HP: 96/103 MP: 13/13
 16201 | Lair:4   | Identified 2 scrolls of acquirement
 16202 | Lair:4   | Got a translucent shield
 16212 | Lair:4   | Identified the -2 shield "Tousayfa" {MR++ Str-4} (You
                  | acquired it on level 4 of the Lair of Beasts)
 16346 | Lair:4   | Gained mutation: You have supernaturally acute eyesight.
                  | (SInv) [potion of mutation]
 16346 | Lair:4   | Gained mutation: You have a pair of small horns on your
                  | head. [potion of mutation]
 16346 | Lair:4   | Gained mutation: You are weak. (Str -2) [potion of
                  | mutation]
 16346 | Lair:4   | Gained mutation: Your mind is acute. (Int +2) [potion of
                  | mutation]
 16347 | Lair:4   | Lost mutation: You have a pair of small horns on your head.
                  | [potion of mutation]
 16347 | Lair:4   | Lost mutation: You are weak. (Str -2) [potion of mutation]
 16347 | Lair:4   | Lost mutation: Your mind is acute. (Int +2) [potion of
                  | mutation]
 16347 | Lair:4   | Lost mutation: You have supernaturally acute eyesight.
                  | (SInv) [potion of mutation]
 16347 | Lair:4   | Gained mutation: You are frail. (-10% HP) [potion of
                  | mutation]
 16347 | Lair:4   | Gained mutation: You have a beak for a mouth. [potion of
                  | mutation]
 16402 | Lair:4   | Found a staircase to the Snake Pit.
 17588 | Lair:5   | Slain by a tyrant leech

Skill      XL: |  1  2  3  4  5  6  7  8  9 10 11 12 13 |
---------------+----------------------------------------+-----
Axes           | 3 5 6 7 9 |  9.8
Armour         | 2 4 5 6 7 9 |  9.2
Dodging        | 2 4 5 6 7 8 |  8.5
Fighting       | 5 6 7 8 10 | 10.2
Maces & Flails | 2 5 8 10 | 10.6
Shields        | 2 3 |  3.0

Action                   |  1- 3 |  4- 6 |  7- 9 | 10-12 | 13-15 || total
-------------------------+-------+-------+-------+-------+-------++-------
Melee: Hand axe          |    50 |    73 |   205 |       |       ||   328
       Kick              |       |    21 |    84 |   183 |    38 ||   326
       War axe           |       |    22 |       |       |       ||    22
       Dire flail        |       |       |    42 |   427 |    84 ||   553
       Flail             |       |       |       |     3 |       ||     3
       Peck              |       |       |       |       |    22 ||    22
Throw: Tomahawk          |       |       |     5 |       |       ||     5
Invok: Berserk           |     1 |     4 |    10 |    10 |       ||    25
       Trog's Hand       |       |       |       |     1 |       ||     1
       Brothers in Arms  |       |       |       |     1 |       ||     1
  Use: Scroll            |       |     6 |     9 |     7 |     6 ||    28
       Potion            |       |       |       |       |     2 ||     2
  Eat: Chunk             |       |    10 |    26 |    20 |     2 ||    58
       Ration            |       |       |       |     5 |     1 ||     6
Armor: Plate armour      |    16 |    52 |   114 |   203 |    19 ||   404
       Animal skin       |     5 |       |       |       |       ||     5
Dodge: Dodged            |    30 |    22 |    61 |   213 |    25 ||   351
Block: Large shield      |       |       |       |     5 |       ||     5
